[Event "Team 45 45 League T50"]
[Site "Internet Chess Club"]
[Date "2011.08.20"]
[Round "2"]
[White "Whalen"]
[Black "Invicta-Knight"]
[Result "0-1"]
[WhiteElo "1535"]
[BlackElo "1417"]
[Opening "King's Indian, 3.Nf3"]
[ECO "E60"]
[Time "12:04:19"]
[TimeControl "2700+45"]

1. Nf3 Nf6 2. d4 g6 3. c4 c5 4. d5 b5 5. b3 Bg7 6. Bb2 O-O 7. e3 bxc4 8. Bxc4 d6
9. Nbd2 Ba6 10. Qc2 Bxc4 11. bxc4 Nbd7 12. O-O Qb6 13. Rab1 Qa6 14. Ba1 Rfb8 15.
h3 Nb6 16. Rb3 Nbd7 17. Rfb1 Rxb3 18. Rxb3 Rb8 19. Bc3 Rxb3 20. Qxb3 Qb6 21. Kf1
Qxb3 22. Nxb3 Ne4 23. Bxg7 Kxg7 24. Na5 a6 25. Nc6 e6 26. dxe6 fxe6 27. a4 Nb6
28. Na5 Kf6 29. Ke1 Nxa4 30. Nd2 Nac3 31. f3 Ng3 32. Kf2 Nf5 33. g4 Ne7 34. h4
h6 35. f4 g5 36. fxg5+ hxg5 37. h5 d5 38. Nf3 Ne4+ 39. Ke2 e5 40. cxd5 Nxd5 41.
Nc4 Nec3+ 42. Kd3 e4+ {White resigns} 0-1

[Event "Team 45 45 League T50"]
[Site "Internet Chess Club"]
[Date "2011.08.19"]
[Round "2"]
[White "BrerRabbit"]
[Black "kwameh72"]
[Result "0-1"]
[WhiteElo "1500"]
[BlackElo "1698"]
[Opening "English opening"]
[ECO "A10"]
[Time "10:45:38"]
[TimeControl "2700+45"]

1. c4 d5 2. cxd5 Qxd5 3. Nc3 Qd6 4. Nf3 Nf6 5. e3 a6 6. d4 b5 7. Bd3 Bb7 8. O-O
Nbd7 9. Qc2 e6 10. Bd2 Be7 11. Rac1 O-O 12. Ne4 Nxe4 13. Bxe4 Bxe4 14. Qxe4 c5
15. a3 Nf6 16. Qc2 Nd7 17. Rfd1 Qb6 18. dxc5 Nxc5 19. Bc3 Rac8 20. b4 Na4 21.
Rd3 Qb7 22. Qd2 Nxc3 23. Rdxc3 Bf6 24. Nd4 Rxc3 25. Rxc3 Rd8 26. Qc2 Qd5 27. Rc5
Qd6 28. h3 g6 29. Rc6 Qd5 30. Rxa6 Bxd4 31. exd4 Qxd4 32. Qe2 Qa1+ 33. Kh2 Rd5
34. Ra7 Qd4 35. Rb7 Qf4+ 36. g3 Qf5 37. Kg2 Qd3 38. Rb8+ Kg7 39. Qb2+ e5 40. Qc1
Qe4+ 41. Kg1 Qf3 42. Qc2 Rd1+ 43. Kh2 Rh1# {White checkmated} 0-1

[Event "Team 45 45 League T50"]
[Site "Internet Chess Club"]
[Date "2011.08.21"]
[Round "2"]
[White "MeanMrMustard"]
[Black "randallsr"]
[Result "1-0"]
[WhiteElo "1820"]
[BlackElo "1707"]
[Opening "French: Tarrasch, open variation"]
[ECO "C07"]
[Time "21:04:22"]
[TimeControl "2700+45"]

1. e4 e6 2. d4 d5 3. Nd2 c5 4. exd5 Qxd5 5. Ngf3 Nf6 6. Bc4 Qd8 7. O-O a6 8. a4
Nc6 9. Nb3 cxd4 10. Nbxd4 Nxd4 11. Nxd4 Be7 12. c3 O-O 13. Qf3 Qc7 14. Bb3 Rb8
15. Bf4 Bd6 16. Bxd6 Qxd6 17. Rad1 Qc5 18. Rd2 b5 19. axb5 Bb7 20. Qe2 axb5 21.
Nc2 Bd5 22. Bxd5 Nxd5 23. Qe5 Qc4 24. Nd4 Rbe8 25. Rfd1 b4 26. Ne2 bxc3 27. Nxc3
Nxc3 28. Qxc3 Qxc3 29. bxc3 Rc8 30. Rc2 g5 31. Kf1 Rc4 32. Ke2 Kg7 33. Rd7 Kg6
34. Kd3 Rfc8 35. Rd4 R4c5 36. c4 h5 37. h4 e5 38. Rd6+ f6 39. hxg5 Kxg5 40. g3
R8c6 41. Rxc6 Rxc6 42. c5 h4 43. gxh4+ Kxh4 44. Ke4 Kg5 45. Kd5 Rc8 46. c6 Kf4
47. Rc3 f5 48. Kd6 e4 49. c7 Kg4 50. Kd7 Rh8 51. Re3 Kf4 52. c8=Q Rxc8 53. Kxc8
Ke5 54. Kd7 Kd4 55. Ke6 f4 56. Re1 e3 57. fxe3+ fxe3 58. Kf5 {Black resigns} 1-0

[Event "Team 45 45 League T50"]
[Site "Internet Chess Club"]
[Date "2011.08.20"]
[Round "2"]
[White "Signalman"]
[Black "rom1"]
[Result "0-1"]
[WhiteElo "1559"]
[BlackElo "1594"]
[Opening "Alekhine's defense: modern variation, 4...Bg4"]
[ECO "B05"]
[Time "10:08:09"]
[TimeControl "2700+45"]

1. e4 Nf6 2. e5 Nd5 3. d4 d6 4. Nf3 Bg4 5. Be2 dxe5 6. dxe5 Nc6 7. O-O e6 8. c4
Nb6 9. b3 Be7 10. Bb2 O-O 11. h3 Bh5 12. g4 Bg6 13. Nc3 Nd7 14. Nb5 a6 15. Na3
Ncxe5 16. Nxe5 Nxe5 17. Qxd8 Raxd8 18. Bxe5 Bxa3 19. Bxc7 Rd7 20. Be5 Rfd8 21.
Bc3 b6 22. f4 f6 23. f5 Bf7 24. Rad1 Bc5+ 25. Kg2 e5 26. Rxd7 Rxd7 27. Rd1 Be8
28. Rxd7 Bxd7 29. Bf3 Kf8 30. b4 Be3 31. Bb2 g6 32. Be4 g5 33. Kf3 Bd2 34. a3
Ke7 35. c5 bxc5 36. bxc5 Bb5 37. Bc2 Kd7 38. Bb3 Kc6 39. a4 Bd3 40. Ba3 e4+ 41.
Kg3 e3 42. Bd1 e2 43. Bxe2 Bxe2 44. Kf2 Bd1 45. Bb2 Kxc5 46. Bxf6 Bxa4 47. h4
gxh4 48. Bxh4 Kd5 49. Ke2 Bc3 50. Kd3 Bd4 51. g5 Bb5+ 52. Kc2 Be8 53. Kd3 a5 54.
Kc2 Ke5 55. Be1 a4 56. Bc3 Bxc3 57. Kxc3 Kxf5 58. g6 hxg6 59. Kb4 g5 {White
resigns} 0-1

[Event "Team 45 45 League T50"]
[Site "Internet Chess Club"]
[Date "2011.08.20"]
[Round "2"]
[White "oldsj"]
[Black "chrisgianno"]
[Result "0-1"]
[WhiteElo "1522"]
[BlackElo "1516"]
[Opening "Ruy Lopez: Berlin defense, Beverwijk variation"]
[ECO "C65"]
[Time "09:25:01"]
[TimeControl "2700+45"]

1. e4 e5 2. Nf3 Nc6 3. Bb5 Nf6 4. O-O Bc5 5. Re1 a6 6. Ba4 b5 7. Bb3 Na5 8. Nxe5
Nxb3 9. axb3 Bb7 10. d3 Qe7 11. Nf3 Ng4 12. d4 Bb6 13. h3 Nf6 14. e5 Nd5 15. Bg5
Qf8 16. Nbd2 h6 17. Bh4 g5 18. Bg3 O-O-O 19. Ne4 f5 20. Nc3 Nf4 21. Bxf4 gxf4
22. d5 Qg7 23. Ne2 Rhg8 24. Nxf4 Qg3 25. Kh1 Qxf4 26. g3 Rxg3 27. fxg3 Qxg3 28.
Nh2 Qxh3 29. c4 Rg8 30. Qf3 Rg3 31. Qe2 Kd8 32. e6 dxe6 33. Qxe6 Qg2# {White
checkmated} 0-1

[Event "Team 45 45 League T50"]
[Site "Internet Chess Club"]
[Date "2011.08.21"]
[Round "2"]
[White "werty"]
[Black "smsxman"]
[Result "1/2-1/2"]
[WhiteElo "1544"]
[BlackElo "1410"]
[Opening "Torre attack (Tartakower variation)"]
[ECO "D03"]
[Time "07:31:35"]
[TimeControl "2700+45"]

1. d4 d5 2. Nf3 Nf6 3. Bg5 e6 4. e3 Be7 5. Bd3 Nc6 6. Nbd2 Bd7 7. O-O O-O 8. c3
a6 9. Re1 Re8 10. Qc2 g6 11. e4 dxe4 12. Nxe4 Nxe4 13. Bxe7 Nxe7 14. Rxe4 Bc6
15. Re3 Nd5 16. Ree1 Nf4 17. Be4 Qd7 18. Ne5 Qd6 19. Nxc6 bxc6 20. Re3 Rab8 21.
b4 f5 22. Bd3 Nd5 23. Re2 Ra8 24. Rae1 Kf7 25. Bc4 a5 26. Bxd5 cxd5 27. a3 c6
28. g3 a4 29. Qd2 Kg7 30. Re5 Qd7 31. Qe3 Kf6 32. h4 Qf7 33. Qg5+ Kg7 34. Kg2
Re7 35. Rh1 Rh8 36. h5 h6 37. hxg6 hxg5 38. gxf7 Rxh1 39. f8=Q+ Kxf8 40. Kxh1
Kf7 41. Kg2 Kf6 42. f3 Rg7 43. Re2 Ke7 44. Kf2 Kd6 45. Kg2 Rf7 46. f4 g4 47. Kf2
Rh7 48. Kg2 Rf7 49. Kf2 Rh7 50. Kg2 {Game drawn by mutual agreement} 1/2-1/2

[Event "Team 45 45 League T50"]
[Site "Internet Chess Club"]
[Date "2011.08.23"]
[Round "2"]
[White "RD1974"]
[Black "badmove"]
[Result "1-0"]
[WhiteElo "1734"]
[BlackElo "1760"]
[Opening "Réti: King's Indian attack"]
[ECO "A08"]
[Time "16:03:31"]
[TimeControl "2700+45"]

1. Nf3 d5 2. g3 c5 3. Bg2 Nc6 4. d3 e5 5. O-O Nf6 6. Bg5 Be7 7. Bxf6 Bxf6 8. Nc3
d4 9. Ne4 Be7 10. h3 Be6 11. c4 dxc3 12. bxc3 f6 13. Qa4 Qa5 14. Qc2 Qd8 15.
Rfb1 Rb8 16. Kh2 O-O 17. a3 Qd7 18. Qd2 Qd8 19. Rb5 b6 20. Rab1 a6 21. R5b2 c4
22. Ne1 Na5 23. d4 Nb3 24. Qe3 Bf5 25. Nc2 Qd7 26. Na1 Bxa3 27. Ra2 exd4 28.
cxd4 Be7 29. Nxb3 cxb3 30. Rxa6 Qb5 31. Ra7 Rfe8 32. Rxb3 Qc4 33. Rc3 Qe6 34.
Rcc7 Rbc8 35. d5 Qe5 36. d6 Rxc7 37. Rxc7 Bxd6 38. Nxd6 Qxe3 39. fxe3 Bg6 {Black
resigns} 1-0

[Event "Team 45 45 League T50"]
[Site "Internet Chess Club"]
[Date "2011.08.18"]
[Round "2"]
[White "Monsieur"]
[Black "kidcobra"]
[Result "1-0"]
[WhiteElo "1493"]
[BlackElo "1629"]
[Opening "Benko's opening"]
[ECO "A00"]
[Time "19:21:49"]
[TimeControl "2700+45"]

1. g3 e5 2. Bg2 d5 3. b3 Nf6 4. Bb2 Bd6 5. d4 e4 6. f3 c6 7. e3 Qe7 8. fxe4 Nxe4
9. Nf3 Bxg3+ 10. hxg3 Nxg3 11. Kf2 Nxh1+ 12. Qxh1 Bf5 13. Ba3 Qc7 14. c4 dxc4
15. bxc4 Nd7 16. Nc3 Nf6 17. Ne5 Ng4+ 18. Nxg4 Bxg4 19. Qh4 Bf5 20. e4 Bg6 21.
Nd5 cxd5 22. exd5 Qd8 23. Re1+ Kd7 24. Re7+ Kc8 25. d6 Qb6 26. d7+ Kc7 27. d8=Q+
Kxd8 28. Rxf7+ Qf6+ 29. Rxf6 gxf6 30. Qxf6+ Kc7 31. Qd6+ Kc8 32. Bh3+ Bf5 33.
Bxf5# {Black checkmated} 1-0

[Event "Team 45 45 League T50"]
[Site "Internet Chess Club"]
[Date "2011.08.23"]
[Round "2"]
[White "Salvatore"]
[Black "zepled37"]
[Result "0-1"]
[WhiteElo "1561"]
[BlackElo "1642"]
[Opening "Richter-Veresov attack"]
[ECO "D01"]
[Time "19:08:10"]
[TimeControl "2700+45"]

1. d4 d5 2. Nc3 Nf6 3. Bg5 Bf5 4. e3 c6 5. Bd3 Bxd3 6. Qxd3 e6 7. Nge2 Nbd7 8.
O-O h6 9. Bh4 g5 10. Bg3 Bg7 11. f4 Qb6 12. Na4 Qb4 13. b3 Ne4 14. Be1 Qe7 15.
c4 f5 16. cxd5 exd5 17. Rc1 g4 18. Ng3 Ndf6 19. Nxf5 Qf8 20. Nxg7+ Qxg7 21. Bb4
h5 22. Nc5 h4 23. Ne6 Qh7 24. f5 Ng3 25. Rf4 h3 26. hxg3 hxg2 27. Kf2 Ne4+ 28.
Rxe4 Qxf5+ 29. Nf4+ dxe4 30. Qc4 Kd7 31. Rg1 Rh1 32. Rxg2 Rah8 33. Qc5 Qxc5 34.
Bxc5 b6 35. Bb4 Ra1 36. Ne2 Rxa2 37. Rg1 Rh2+ 38. Rg2 Rxg2+ 39. Kxg2 Rxe2+ 40.
Kf1 Rxe3 41. Kf2 Rf3+ 42. Kg2 Rxb3 43. Bf8 Rf3 44. Bg7 Ke6 45. Be5 e3 46. Bf4
Kd5 {White resigns} 0-1

[Event "Team 45 45 League T50"]
[Site "Internet Chess Club"]
[Date "2011.08.21"]
[Round "2"]
[White "bmw2002"]
[Black "Chess2Play"]
[Result "1-0"]
[WhiteElo "1551"]
[BlackElo "1619"]
[Opening "English opening"]
[ECO "A20"]
[Time "21:05:36"]
[TimeControl "2700+45"]

1. c4 e5 2. g3 Nf6 3. Bg2 Nc6 4. Nf3 Bb4 5. O-O O-O 6. a3 Be7 7. d4 exd4 8. Nxd4
Nxd4 9. Qxd4 d6 10. Nc3 Ng4 11. h3 Bf6 12. Qd1 Bxc3 13. bxc3 Ne5 14. Qd4 Qe7 15.
Rb1 c6 16. a4 Rd8 17. Ba3 Bf5 18. Rb2 Rd7 19. f4 Ng6 20. e4 c5 21. Qe3 Rc7 22.
Qe2 Bc8 23. Qh5 b6 24. f5 Ne5 25. Rbf2 Nxc4 26. f6 Qf8 27. fxg7 Qxg7 28. Bc1 Ne5
29. Rf6 Be6 30. g4 Ng6 31. Bh6 Qh8 32. Qg5 Bc4 33. R1f2 Re8 34. h4 Re5 35. R6f5
Re8 36. h5 Qxc3 37. hxg6 fxg6 38. Rf8+ {Black forfeits on time} 1-0

[Event "Team 45 45 League T50"]
[Site "Internet Chess Club"]
[Date "2011.08.23"]
[Round "2"]
[White "krysto"]
[Black "GoIrish"]
[Result "1-0"]
[WhiteElo "1606"]
[BlackElo "1636"]
[Opening "King's Indian: orthodox, Aronin-Taimanov, bayonet attack"]
[ECO "E97"]
[Time "21:00:26"]
[TimeControl "2700+45"]

1. d4 Nf6 2. c4 g6 3. Nc3 Bg7 4. e4 d6 5. Nf3 O-O 6. Be2 e5 7. O-O Nc6 8. d5 Ne7
9. b4 Ne8 10. Nd2 f5 11. f3 Nf6 12. Nb3 f4 13. a4 g5 14. c5 Ng6 15. Qc2 Rf7 16.
Ba3 h5 17. b5 g4 18. a5 gxf3 19. gxf3 Nh7 20. Kh1 Qh4 21. Rg1 Ng5 22. cxd6 cxd6
23. Bxd6 Nh3 24. Rxg6 Nf2+ 25. Kg1 Bh3 26. Bc5 Kh7 27. Bxf2 Qd8 28. Bf1 Bxf1 29.
Rxg7+ Rxg7+ 30. Kxf1 Rc7 31. b6 Rg7 32. Nc5 axb6 33. Ne6 Qe7 34. Nxg7 Qxg7 35.
Bxb6 Rg8 36. Qf2 Rc8 37. Nb5 Qd7 38. Nc7 Rxc7 39. Bxc7 Qxc7 40. a6 bxa6 41. Rxa6
Qc4+ 42. Qe2 Qc1+ 43. Kg2 Qc8 44. Ra1 h4 45. Rd1 h3+ 46. Kh1 {Black resigns} 1-0

[Event "Team 45 45 League T50"]
[Site "Internet Chess Club"]
[Date "2011.08.19"]
[Round "2"]
[White "hidemitsu"]
[Black "Ptzz"]
[Result "1-0"]
[WhiteElo "2246"]
[BlackElo "2099"]
[Opening "Sicilian: closed, 6.Be3"]
[ECO "B26"]
[Time "13:00:12"]
[TimeControl "2700+45"]

1. e4 c5 2. Nc3 g6 3. g3 Bg7 4. Bg2 Nc6 5. d3 d6 6. Be3 Nf6 7. h3 O-O 8. Nge2
Ne8 9. Qd2 Nd4 10. f4 f5 11. O-O Rb8 12. Nd1 Nc7 13. c3 Nc6 14. Nf2 e5 15. Rad1
Qe7 16. d4 exd4 17. cxd4 fxe4 18. Nxe4 Bf5 19. N4c3 Rbe8 20. Bf2 Nb4 21. g4 Bd3
22. Rfe1 Ba6 23. Nc1 Qf6 24. dxc5 dxc5 25. Bxc5 Rxe1+ 26. Rxe1 Rd8 27. Qf2 Nc6
28. Nb3 b6 29. Bxb6 axb6 30. Qxb6 Qh4 31. Rc1 Rd2 32. Ne4 Rxb2 33. Qxc6 Bd3 34.
Qxc7 Rxg2+ 35. Kxg2 Bxe4+ 36. Kf1 Bd3+ 37. Kg2 Be4+ 38. Kf1 Qxh3+ 39. Kf2 Qf3+
40. Ke1 Qe3+ 41. Kf1 Qf3+ 42. Ke1 Qh1+ 43. Kf2 Qg2+ 44. Ke1 Qg1+ 45. Ke2 Qxg4+
46. Kf2 Qg2+ 47. Ke1 Qg3+ 48. Ke2 Qf3+ 49. Ke1 Qe3+ 50. Kf1 Bd3+ 51. Kg2 Qe2+
52. Kg3 Qe3+ 53. Kg2 Be4+ 54. Kf1 Bf6 55. Qc8+ Kg7 56. Rc7+ Kh6 57. Qf8+ Kh5 58.
Qc5+ Qxc5 59. Nxc5 Bf5 60. a4 Kg4 61. a5 Bd4 62. Ke2 h5 63. a6 h4 64. a7 Bxc5
65. a8=Q {Black resigns} 1-0

[Event "Team 45 45 League T50"]
[Site "Internet Chess Club"]
[Date "2011.08.21"]
[Round "2"]
[White "Jack-ONeill"]
[Black "Catweazle"]
[Result "1-0"]
[WhiteElo "2018"]
[BlackElo "1933"]
[Opening "Vienna game"]
[ECO "C28"]
[Time "12:00:55"]
[TimeControl "2700+45"]

1. e4 e5 2. Nc3 Nf6 3. Bc4 Nc6 4. d3 Bb4 5. Nf3 d5 6. exd5 Nxd5 7. O-O Bxc3 8.
bxc3 Bg4 9. Re1 O-O 10. Bd2 Re8 11. h3 Bh5 12. Rb1 Nb6 13. Bb5 Qf6 14. g4 Bg6
15. Bxc6 bxc6 16. Ng5 h6 17. Ne4 Qh4 18. Qf3 Qe7 19. Rb3 f6 20. c4 Bf7 21. Bxh6
gxh6 22. Nxf6+ Kg7 23. Nxe8+ Bxe8 24. Qe3 Bd7 25. Qxe5+ Qxe5 26. Rxe5 Kf6 27.
Re3 Rg8 28. Rb1 h5 29. f3 hxg4 30. hxg4 Bxg4 31. fxg4 Rxg4+ 32. Kf2 Rh4 33. Kg3
Rh5 34. Rf1+ {Black resigns} 1-0

[Event "Team 45 45 League T50"]
[Site "Internet Chess Club"]
[Date "2011.08.22"]
[Round "2"]
[White "Freitac"]
[Black "Despair"]
[Result "1/2-1/2"]
[WhiteElo "1921"]
[BlackElo "1992"]
[Opening "Queen's Indian accelerated"]
[ECO "A50"]
[Time "19:00:05"]
[TimeControl "2700+45"]

1. d4 Nf6 2. c4 b6 3. f3 g6 4. Nc3 d6 5. e4 Nbd7 6. Be3 Bg7 7. Qd2 O-O 8. Nge2
c5 9. d5 Ne5 10. Ng3 Ba6 11. b3 Bb7 12. Be2 a6 13. O-O e6 14. Bh6 Bxh6 15. Qxh6
Qe7 16. h3 Kh8 17. Rae1 Ng8 18. Qd2 Nf6 19. Qh6 Ng8 20. Qd2 Nf6 {Game drawn by
mutual agreement} 1/2-1/2

[Event "Team 45 45 League T50"]
[Site "Internet Chess Club"]
[Date "2011.08.23"]
[Round "2"]
[White "cityprosecutor"]
[Black "Sir-Sinister"]
[Result "0-1"]
[WhiteElo "1721"]
[BlackElo "1820"]
[Opening "Réti opening"]
[ECO "A04"]
[Time "20:22:51"]
[TimeControl "2700+45"]

1. Nf3 Nc6 2. d3 e5 3. e4 Nf6 4. g3 Bc5 5. Bg2 d5 6. Nbd2 dxe4 7. dxe4 O-O 8. h3
Be6 9. O-O h6 10. c3 Qd3 11. Re1 a5 12. Bf1 Qd7 13. Qc2 Bxh3 14. Be2 Ng4 {White
resigns} 0-1

[Event "Team 45 45 League T50"]
[Site "Internet Chess Club"]
[Date "2011.08.21"]
[Round "2"]
[White "pkktet"]
[Black "primerpaso"]
[Result "1/2-1/2"]
[WhiteElo "1881"]
[BlackElo "1874"]
[Opening "Sicilian: Canal-Sokolsky attack, 3...Bd7"]
[ECO "B52"]
[Time "10:00:28"]
[TimeControl "2700+45"]

1. e4 c5 2. Nf3 d6 3. Bb5+ Bd7 4. Bxd7+ Qxd7 5. O-O Nc6 6. c3 Nf6 7. Re1 e6 8.
d3 Be7 9. a4 O-O 10. h3 a6 11. Nbd2 b5 12. d4 cxd4 13. cxd4 Rfc8 14. axb5 axb5
15. Rxa8 Rxa8 16. e5 Nd5 17. Ne4 Ndb4 18. exd6 Bxd6 19. Nxd6 Qxd6 20. Be3 Qd5
21. Qe2 {Game drawn by mutual agreement} 1/2-1/2

[Event "Team 45 45 League T50"]
[Site "Internet Chess Club"]
[Date "2011.08.20"]
[Round "2"]
[White "CaoCao"]
[Black "poni"]
[Result "1-0"]
[WhiteElo "1902"]
[BlackElo "1916"]
[Opening "Philidor: Improved Hanham variation"]
[ECO "B07"]
[Time "09:11:07"]
[TimeControl "2700+45"]

1. e4 d6 2. d4 Nf6 3. Nc3 e5 4. Nf3 Nbd7 5. Bc4 Be7 6. dxe5 Nxe5 7. Nxe5 dxe5 8.
Qxd8+ Bxd8 9. f3 c6 10. Be3 b5 11. Bb3 a5 12. a4 b4 13. Ne2 Ba6 14. Ng3 g6 15.
Nf1 Be7 16. Nd2 c5 17. Bc4 O-O 18. O-O-O Rfd8 19. Bxa6 Rxa6 20. Nc4 Nd7 21. Rd2
Kf8 22. Rhd1 Ke8 23. b3 f6 24. Nd6+ Bxd6 25. Rxd6 Raa8 26. Re6+ Kf7 27. Rc6 Ke7
28. Bxc5+ Nxc5 29. Rxc5 Rxd1+ 30. Kxd1 Kd6 31. Rd5+ Kc6 32. Kd2 Kc7 33. c4 bxc3+
34. Kxc3 Ra6 35. Kc4 Ra8 36. g3 Kc6 37. f4 exf4 38. gxf4 Re8 39. e5 fxe5 40.
fxe5 Kb6 41. Rb5+ Ka6 42. Kd5 g5 43. e6 h5 44. Kd6 g4 45. Rxh5 {Black resigns}
1-0

[Event "Team 45 45 League T50"]
[Site "Internet Chess Club"]
[Date "2011.08.22"]
[Round "2"]
[White "koni"]
[Black "frank001"]
[Result "1-0"]
[WhiteElo "1878"]
[BlackElo "1681"]
[Opening "Alekhine's defense: modern, Flohr variation"]
[ECO "B05"]
[Time "02:02:14"]
[TimeControl "2700+45"]

1. e4 Nf6 2. e5 Nd5 3. d4 d6 4. Nf3 Bg4 5. Be2 c6 6. O-O Bxf3 7. Bxf3 dxe5 8.
dxe5 e6 9. Re1 Nd7 10. Nd2 Qc7 11. Nc4 N7b6 12. Qe2 Nxc4 13. Qxc4 O-O-O 14. a3
Be7 15. b4 Rd7 16. Qb3 Rhd8 17. c4 Nb6 18. Be3 h6 19. Rac1 Kb8 20. g3 g5 21. a4
Rd3 22. Rc3 Rxc3 23. Qxc3 Nxa4 24. Bxa7+ Kxa7 25. Ra1 Qa5 26. Qe3+ Bc5 27. Qb3
Rd3 28. Qxd3 Qxb4 29. Qd1 {Black resigns} 1-0

[Event "Team 45 45 League T50"]
[Site "Internet Chess Club"]
[Date "2011.08.18"]
[Round "2"]
[White "charles-allen"]
[Black "DreamCatcher13"]
[Result "1/2-1/2"]
[WhiteElo "1905"]
[BlackElo "1941"]
[Opening "Four knights: Scotch, 4...exd4"]
[ECO "C47"]
[Time "15:02:28"]
[TimeControl "2700+45"]

1. e4 e5 2. Nc3 Nf6 3. Nf3 Nc6 4. d4 exd4 5. Nxd4 Bb4 6. Nxc6 bxc6 7. Qd4 Qe7 8.
f3 d5 9. Bg5 c5 10. Bb5+ Bd7 11. Bxd7+ Qxd7 12. Qe5+ Qe6 13. Bxf6 gxf6 14. Qxd5
Qxd5 15. exd5 O-O-O 16. O-O-O Rhg8 17. g3 Rg5 18. Ne4 Rgxd5 19. c3 Ba5 20. Nxf6
Rf5 21. Ne4 Rxf3 22. Rxd8+ Kxd8 23. Rd1+ Kc8 24. Rd2 Bb6 25. c4 h6 26. Kd1 Re3
27. Re2 Rf3 28. Re1 Ba5 29. Ke2 Rf5 30. Rf1 Re5 31. Kd3 f5 32. Nd2 Bxd2 33. Kxd2
Kd7 {Game drawn by mutual agreement} 1/2-1/2

[Event "Team 45 45 League T50"]
[Site "Internet Chess Club"]
[Date "2011.08.19"]
[Round "2"]
[White "GeorgeCostanza"]
[Black "j65536d"]
[Result "1/2-1/2"]
[WhiteElo "1801"]
[BlackElo "1760"]
[Opening "King's Indian: fianchetto, Yugoslav system"]
[ECO "E64"]
[Time "23:00:48"]
[TimeControl "2700+45"]

1. d4 Nf6 2. c4 g6 3. g3 Bg7 4. Bg2 O-O 5. Nc3 d6 6. Nf3 c5 7. h3 a6 8. O-O Qc7
9. d5 e6 10. e4 exd5 11. exd5 Bd7 12. a4 a5 13. g4 Na6 14. Bf4 Nb4 15. Qd2 Rfe8
16. Rae1 Rad8 17. b3 b6 18. Ng5 h5 19. Nce4 Nxe4 20. Nxe4 Be5 21. gxh5 gxh5 22.
Bxe5 Rxe5 23. Qh6 f5 24. Ng5 Bc8 25. Bf3 Qg7 26. Qxh5 Nd3 27. Rxe5 dxe5 28. Kh1
e4 29. Ne6 Bxe6 30. Rg1 Nxf2+ 31. Kh2 Ng4+ 32. hxg4 f4 33. Bxe4 Bf7 34. Qf5 Qh6+
35. Kg2 Re8 36. Rh1 f3+ 37. Qxf3 Qd2+ 38. Kg3 Bg6 39. Rh8+ Kxh8 40. Qf6+ Kg8 41.
Qxg6+ Kf8 42. Qf6+ Kg8 43. Bh7+ Kxh7 44. Qf7+ Kh6 45. Qxe8 Qd3+ 46. Kf4 Qf1+ 47.
Kg3 Qg1+ 48. Kh3 Qh1+ 49. Kg3 Qg1+ 50. Kh3 {Game drawn by mutual agreement}
1/2-1/2

[Event "Team 45 45 League T50"]
[Site "Internet Chess Club"]
[Date "2011.08.22"]
[Round "2"]
[White "LazyPeon"]
[Black "toukon"]
[Result "0-1"]
[WhiteElo "1775"]
[BlackElo "1753"]
[Opening "QGD semi-Slav: 5.Bg5 dc"]
[ECO "D44"]
[Time "13:01:41"]
[TimeControl "2700+45"]

1. d4 d5 2. c4 c6 3. Nf3 Nf6 4. Nc3 e6 5. Bg5 dxc4 6. a4 Nbd7 7. e3 Bb4 8. Bxc4
Qa5 9. Qc2 Ne4 10. Qxe4 Bxc3+ 11. Ke2 Bxb2 12. Bxe6 O-O 13. Be7 Nf6 14. Bxf6
Bxe6 15. Be5 Bc4+ 16. Kd1 Bxa1 17. Qc2 Qc3 {White resigns} 0-1

[Event "Team 45 45 League T50"]
[Site "Internet Chess Club"]
[Date "2011.08.20"]
[Round "2"]
[White "Packerfan"]
[Black "BraafPaard"]
[Result "1-0"]
[WhiteElo "1777"]
[BlackElo "1561"]
[Opening "Scandinavian defense"]
[ECO "B01"]
[Time "10:00:25"]
[TimeControl "2700+45"]

1. e4 d5 2. exd5 Nf6 3. d4 e6 4. dxe6 Bxe6 5. Nf3 Nc6 6. Be2 g6 7. O-O Bg7 8. c3
O-O 9. Bg5 Qd7 10. Nbd2 Bf5 11. Re1 h6 12. Bh4 Rfe8 13. h3 g5 14. Bg3 g4 15.
hxg4 Bxg4 16. Ne5 Nxe5 17. Bxe5 Bxe2 18. Rxe2 c6 19. Nc4 b5 20. Nd6 Re7 21. Qd3
Ng4 22. Qf5 Nf6 23. Rae1 Qxf5 24. Nxf5 Re6 25. Nxg7 Kxg7 26. Bxf6+ Kxf6 27.
Rxe6+ fxe6 28. Re5 a5 29. Rc5 Ra6 30. f3 b4 31. g4 bxc3 32. bxc3 a4 33. a3 Rb6
34. Ra5 Rb3 35. Rxa4 Rxc3 36. Kg2 Rd3 37. Kg3 Rc3 38. Kf4 c5 39. dxc5 Rxc5 40.
Ra6 Rc4+ 41. Kg3 Rc1 42. a4 Ke7 43. a5 Rg1+ 44. Kf4 Ra1 45. Ra8 Kd7 46. a6 Kc7
47. Ke5 Re1+ 48. Kf4 Re5 {Black resigns} 1-0

[Event "Team 45 45 League T50"]
[Site "Internet Chess Club"]
[Date "2011.08.21"]
[Round "2"]
[White "fledermaus"]
[Black "Wheels"]
[Result "1-0"]
[WhiteElo "1974"]
[BlackElo "1805"]
[Opening "King's Indian: orthodox variation"]
[ECO "E94"]
[Time "14:00:36"]
[TimeControl "2700+45"]

1. d4 Nf6 2. c4 g6 3. Nc3 Bg7 4. e4 d6 5. Nf3 O-O 6. Be2 e5 7. O-O Na6 8. Be3
Ng4 9. Bg5 Qe8 10. dxe5 dxe5 11. h3 h6 12. Bd2 Nf6 13. Qc2 Bd7 14. Nd5 Nxd5 15.
cxd5 Bb5 16. Bc3 Bxe2 17. Qxe2 Qe7 18. Qb5 Rab8 19. Rac1 f5 20. exf5 gxf5 21.
Rfe1 e4 22. Nd4 Bxd4 23. Bxd4 Rfd8 24. Bxa7 Rbc8 25. Qxb7 Qd6 26. Rc6 Qb4 27.
Qxa6 Qxe1+ 28. Kh2 {Black resigns} 1-0

[Event "Team 45 45 League T50"]
[Site "Internet Chess Club"]
[Date "2011.08.21"]
[Round "2"]
[White "ddlj81"]
[Black "redarmy44"]
[Result "1/2-1/2"]
[WhiteElo "1767"]
[BlackElo "1633"]
[Opening "Scandinavian defense"]
[ECO "B01"]
[Time "14:00:16"]
[TimeControl "2700+45"]

1. e4 d5 2. exd5 Nf6 3. d4 Bg4 4. Be2 Bxe2 5. Qxe2 Qxd5 6. Nf3 e6 7. O-O Bd6 8.
c4 Qh5 9. Nc3 Nc6 10. h3 O-O-O 11. Be3 h6 12. c5 Be7 13. b4 g5 14. b5 Nb4 15. c6
g4 16. cxb7+ Kxb7 17. hxg4 Qxg4 18. Ne5 Qxe2 19. Nxe2 Rh7 20. Rfc1 Nbd5 21. Nc6
Rg8 22. Nf4 Bd6 23. Nxd5 Nxd5 24. Na5+ Kc8 25. Nc4 Be7 26. g3 Bg5 27. Bxg5 hxg5
28. Nd6+ Kd7 29. Ne4 f5 30. Nc5+ Ke7 31. Re1 Rg6 32. Re5 Rgh6 33. Rae1 Rh1+ 34.
Kg2 Rxe1 35. Rxe1 Rh6 36. Re5 Kd6 37. Re2 Nc3 38. Rb2 Kd5 39. Na6 Kxd4 40. Nxc7
e5 41. a4 f4 42. gxf4 gxf4 43. a5 e4 44. b6 axb6 45. axb6 f3+ 46. Kg3 e3 47.
fxe3+ Kxe3 48. Rb3 Rg6+ 49. Kh4 Kd4 50. b7 f2 51. b8=Q f1=Q 52. Qb4+ Qc4 53.
Qxc4+ {Game drawn by mutual agreement} 1/2-1/2

[Event "Team 45 45 League T50"]
[Site "Internet Chess Club"]
[Date "2011.08.19"]
[Round "2"]
[White "OOB1"]
[Black "Oscar"]
[Result "1/2-1/2"]
[WhiteElo "1485"]
[BlackElo "1579"]
[Opening "French: advance variation"]
[ECO "C02"]
[Time "22:03:40"]
[TimeControl "2700+45"]

1. e4 e6 2. d4 d5 3. e5 c5 4. c3 Ne7 5. Nf3 Nbc6 6. Bd3 Nf5 7. Bxf5 exf5 8. O-O
Be7 9. Be3 Be6 10. dxc5 Qc7 11. Re1 Rd8 12. b4 O-O 13. Bf4 Rd7 14. Nd4 a6 15. h3
Qd8 16. Qc2 Nxd4 17. cxd4 h6 18. Nd2 Rc7 19. Qd3 Bg5 20. Bh2 Qd7 21. Nf3 Be7 22.
Red1 Qa4 23. a3 g6 24. Qd2 Kg7 25. Bf4 Rh8 26. Rdc1 Bf8 27. Rc3 Kg8 28. Qc1 Bg7
29. h4 Rc8 30. Nh2 Qe8 31. f3 Qe7 32. Bg3 Bd7 33. Qd2 Bb5 34. Re1 Qe6 35. Bf2 h5
36. Nf1 Bh6 37. f4 Kg7 38. g3 Rc7 39. Nh2 Rhc8 40. Nf3 Rc6 41. Rce3 b6 42. Ng5
Bxg5 43. hxg5 Bc4 44. Qb2 R8c7 45. Rc1 Rc8 46. Rec3 b5 47. Qc2 R8c7 48. Ra1 Rc8
49. a4 R8c7 50. Be3 Rc8 51. Qd2 Rh8 52. Rxc4 bxc4 53. b5 Rcc8 54. Qb4 Ra8 55. b6
Rhb8 56. Qa5 Rb7 57. Rb1 Qc8 58. Bd2 Qc6 59. Kf2 Qe8 60. Be1 Qc6 61. Ke2 Qe8 62.
Kd2 Qc6 63. Rb4 Qe8 64. Kc3 Qc6 65. Rb1 Qe8 66. Kc2 Qc6 67. Ra1 Qe8 68. Qd2 Qc6
69. Qg2 Qd7 70. Bc3 Qc6 71. Kb2 Rd8 72. Ka3 Qd7 73. Be1 Qc6 74. Qd2 Ra8 75. Qc3
Qe8 76. Bd2 Qc6 77. Re1 Qe8 78. Qf3 Qe6 79. Qc3 Rh8 80. Qa5 Ra8 81. Rb1 Qe8 82.
Qc3 {Game drawn by mutual agreement} 1/2-1/2